 Dungeon Crawl Stone Soup version 0.19.0-19-g8c6edcc (webtiles) character file.

6 Luna the Grave Robber (level 1, -1/15 HPs)
             Began as a Ghoul Necromancer on Nov 14, 2016.
             Slain by a kobold
             ... wielding a +0 whip
              (4 damage)
             ... on level 1 of the Dungeon.
             The game lasted 00:03:58 (148 turns).

Luna the Grave Robber (Ghoul Necromancer)            Turns: 148, Time: 00:03:59

Health: -1/15      AC:  2    Str: 11    XL:     1   Next: 90%
Magic:  0/2        EV: 12    Int: 10    God:
Gold:   0          SH:  0    Dex:  9    Spells: 2 memorised, 1 level left

rFire  . . .     SeeInvis .     (no weapon)
rCold  + . .     Gourm    .     a - +0 robe
rNeg   + + +     Faith    .     (no shield)
rPois  ∞         Spirit   .     (no helmet)
rElec  .         Reflect  .     (no cloak)
rCorr  .         Harm     .     (no gloves)
MR     .....                    (no boots)
Stlth  ++........               (no amulet)
                                (no ring)
                                (no ring)

@: very slightly contaminated, rotting
A: rotting body, claws 1, carnivore 3, cold resistance 1, negative energy
resistance 3, slow regeneration 1, torment resistance, unbreathing
a: no special abilities


You were on level 1 of the Dungeon.
You were not hungry.

You visited 1 branch of the dungeon, and saw 1 of its levels.

Inventory:

Hand Weapons
 k - a +0 club
Missiles
 d - 22 stones (quivered)
 f - 14 poisoned needles
Armour
 a - a +0 robe (worn)
Scrolls
 e - a scroll of fog {unknown}
 i - a scroll of identify {unknown}
 j - a scroll of recharging {unknown}
Potions
 g - a potion of heal wounds {unknown}
Books
 b - a book of Necromancy

   Spells                             Type                      Level
   a - Pain                           Necromancy                   1
   b - Animate Skeleton               Necromancy                   1
   c - Vampiric Draining              Necromancy                   3
   d - Regeneration                   Charms/Necromancy            3
   e - Animate Dead                   Necromancy                   4
   f - Control Undead                 Necromancy                   4
Comestibles
 c - a meat ration
 h - 2 chunks of flesh


   Skills:
 * Level 0.7 Fighting
 - Level 1.7 Dodging
 + Level 2.4 Stealth
 * Level 1.9 Spellcasting
 - Level 4.0 Necromancy


You had one spell level left.
You knew the following spells:

 Your Spells              Type           Power        Failure   Level  Hunger
a - Pain                  Necr           #...         10%         1    ##.....
b - Animate Skeleton      Necr           N/A          10%         1    ##.....


Dungeon Overview and Level Annotations

Branches:
Dungeon (1/15)

Altars:


Innate Abilities, Weirdness & Mutations

Your body is rotting away.
You thrive on raw meat.
You are immune to poison.
You have sharp fingernails.
You are carnivorous and can eat meat at any time.
Your flesh is cold resistant. (rC+)
You are immune to negative energy. (rN+++)
You regenerate slowly when monsters are visible.
You are immune to unholy pain and torment.
You can survive without breathing.


Message History

Aim: a kobold, wielding a whip (chance to defeat MR: 73%)
You miscast Pain.
You are very lightly contaminated with residual magic.
You feel very uncomfortable. The kobold hits you but does no damage.
Your kobold skeleton hits the kobold but does no damage.
You barely miss the kobold. The kobold closely misses you.
Your kobold skeleton misses the kobold.
A slug dart appears from out of your range of vision.
The slug dart hits your kobold skeleton.
You completely miss the kobold. The kobold hits you but does no damage.
Your kobold skeleton misses the kobold.
You scratch the kobold.
The kobold is moderately wounded.
The kobold hits you with a whip.
* * * LOW HITPOINT WARNING * * *
Your kobold skeleton hits the kobold but does no damage.
You barely miss the kobold.
The kobold is moderately wounded.
The kobold hits you with a whip.
You die...

####### ######### ####
#.....# #........
...#######.....###........
.........'.....'@K........
.#.#######.....###Z.......
...............# #.......#
....##.........# #######..
....##.........# .
....####+#....... #...#
#.##....# ##### #.##....#
########.#.#


You could see a kobold and a friendly kobold skeleton.

Vanquished Creatures
  A giant cockroach (D:1)
  A goblin (D:1)
  A bat (D:1)
  3 frilled lizards (D:1)
  A kobold (D:1)
7 creatures vanquished.

Notes
Turn   | Place    | Note
-------+----------+-------------------------------------------
     0 | D:1      | Luna the Ghoul Necromancer began the quest for the Orb.
     0 | D:1      | Reached XP level 1. HP: 14/14 MP: 2/2
     2 | D:1      | Learned a level 1 spell: Animate Skeleton
   148 | D:1      | Slain by a kobold

Action                   || total
-------------------------++-------
Melee: Unarmed           ||    25
 Cast: Pain              ||     2
       Animate Skeleton  ||     1
  Eat: Chunk             ||     2
Armor: Robe              ||     7
Dodge: Dodged            ||    12
